 Dungeon Crawl Stone Soup version 0.22-a0-614-g34fbaa0 (webtiles) character file.

135 Krakonus1 the Cudgeler (level 5, 0/54 HPs)
             Began as an Ogre Berserker on July 20, 2018.
             Was a Believer of Trog.
             Slain by a goblin (2 damage)
             ... led by Robin
             ... on level 3 of the Dungeon.
             The game lasted 00:06:34 (1864 turns).

Krakonus1 the Cudgeler (Ogre Berserker)             Turns: 1864, Time: 00:06:35

Health: 0/54       AC:  4    Str: 22    XL:     5   Next: 18%
Magic:  5/5        EV: 10    Int:  8    God:    Trog [**....]
Gold:   72         SH:  0    Dex:  8    Spells: 4/4 levels left

rFire    . . .     SeeInvis .   a - +0 mace
rCold    + . .     Gourm    .   (no shield)
rNeg     . . .     Faith    .   b - +0 animal skin
rPois    .         Spirit   .   (helmet restricted)
rElec    .         Reflect  .   m - +0 cloak
rCorr    .         Harm     .   (gloves unavailable)
MR       .....                  (boots unavailable)
Stlth    +.........             (no amulet)
HPRegen  0.18/turn              j - ring of protection from cold
MPRegen  0.09/turn              (no ring)

@: berserk cooldown
A: large, unfitting armour, tough skin 1
a: Berserk, Trog's Hand, Renounce Religion


You were on level 3 of the Dungeon.
You worshipped Trog.
Trog was pleased with you.
You were hungry.

You visited 1 branch of the dungeon, and saw 3 of its levels.

You collected 72 gold pieces.

Inventory:

Hand Weapons
 a - a +0 mace (weapon)
Missiles
 d - 126 stones (quivered)
Armour
 b - a +0 animal skin (worn)
 m - a +0 cloak (worn)
Jewellery
 j - a ring of protection from cold (left hand)
Scrolls
 e - 2 scrolls of identify
 k - a scroll of enchant armour {unknown}
 l - a scroll of fog {unknown}
 n - a scroll of blinking {unknown}
 p - a scroll of magic mapping {unknown}
 r - a scroll of noise {unknown}
Potions
 f - a potion of brilliance
 h - a potion of berserk rage
 i - a potion of heal wounds {unknown}
 s - a potion of resistance {unknown}
Comestibles
 c - 3 rations
 o - a chunk of flesh


   Skills:
 - Level 4.0 Fighting
 * Level 5.2 Maces & Flails
 - Level 2.6 Dodging


You had 4 spell levels left.
You didn't know any spells.
Your spell library was empty.

Dungeon Overview and Level Annotations

Branches:
Dungeon (3/15)

Altars:
Sif Muna

Annotations:
D:3 Robin


Innate Abilities, Weirdness & Mutations

You are too large for most types of armour.
You have tough skin. (AC +1)


Message History

The goblin barely misses you. The goblin misses you. Robin closely misses you.
As you read the scroll labeled ROOFETW KACA, it crumbles to dust.
It is a scroll of identify.
f - a potion of brilliance The goblin hits you but does no damage.
The hobgoblin misses you. The goblin hits you.
* * * LOW HITPOINT WARNING * * *
The goblin hits you.
* * * LOW HITPOINT WARNING * * *
The goblin hits you but does no damage.
It was a potion of cancellation.
Your magical effects are unravelling.
You feel magically purged.
You feel yourself speed up.
You feel a little less mighty now. The hobgoblin closely misses you.
The goblin hits you.
* * * LOW HITPOINT WARNING * * *
The goblin hits you but does no damage. Robin hits you but does no damage.
The goblin barely misses you. The goblin completely misses you.
The goblin hits you.
You die...

.........#..
##..........
#..........##
.........<..
...(....).#
.......†<.#
.......)†)#
......gg))#
##...g@g)#
##.###g...#
#. ....#... .
......... #
..##...... .#
#..... ..
.... ...


You could see Robin, a hobgoblin and 3 goblins.

Vanquished Creatures
  Crazy Yiuf (D:2)
  A worker ant (D:2)
  An adder (D:2)
  2 worms (D:2)
  3 dart slugs
  2 leopard geckos
  6 bats
  A giant cockroach (D:2)
  8 goblins
  8 hobgoblins
  3 jackals (D:1)
  5 kobolds
  2 quokkas (D:2)
  3 ball pythons
  7 frilled lizards
  6 rats
59 creatures vanquished.

Notes
Turn   | Place    | Note
-------+----------+-------------------------------------------
     0 | D:1      | Krakonus1 the Ogre Berserker began the quest for the Orb.
     0 | D:1      | Reached XP level 1. HP: 24/24 MP: 1/1
    82 | D:1      | Reached skill level 3 in Maces & Flails
   120 | D:1      | Reached XP level 2. HP: 25/32 MP: 2/2
   503 | D:1      | Reached XP level 3. HP: 39/39 MP: 3/3
   717 | D:1      | Reached ** piety under Trog
   992 | D:2      | Found a runed door.
   996 | D:2      | Noticed Crazy Yiuf
  1000 | D:2      | Killed Crazy Yiuf
  1000 | D:2      | Reached skill level 4 in Maces & Flails
  1000 | D:2      | Reached XP level 4. HP: 48/48 MP: 4/4
  1572 | D:2      | Reached skill level 5 in Maces & Flails
  1572 | D:2      | Reached XP level 5. HP: 54/54 MP: 5/5
  1691 | D:2      | Found a deep blue altar of Sif Muna.
  1852 | D:3      | Noticed Robin
  1863 | D:3      | HP: 3/54 [goblin[Robin] (5)]
  1864 | D:3      | Slain by a goblin

Vault maps used:
D:1:      lightli_arrival_statuegarden, kennysheep_small_spiral
D:2:      lemuel_blue_sif_altar, st_stairs_6, uniq_crazy_yiuf_cottage
D:3:      nicolae_overflow_hidden_temple, first_ration, uniq_robin

Skill      XL: |  1  2  3  4 |
---------------+-------------+-----
Maces & Flails | 3 4 5 |  5.2
Fighting       | |  4.0
Dodging        | |  2.6

Action                   |  1- 3 |  4- 6 || total
-------------------------+-------+-------++-------
Melee: Mace              |    86 |    68 ||   154
Invok: Berserk           |     1 |     4 ||     5
  Use: Potion            |       |     3 ||     3
       Scroll            |       |     1 ||     1
 Stab: Sleeping          |     1 |       ||     1
  Eat: Chunk             |       |     7 ||     7
Armor: Animal skin       |    37 |    25 ||    62
Dodge: Dodged            |    54 |    49 ||   103

Table legend:
 A = Spawn XP
 B = Non-spawn XP
 C = Spawn XP percentage of total XP
 D = Spawn monster count
 E = Non-spawn monster count
 F = Spawn count percentage of total count
 G = Total turns spent on level
                    A         B        C        D         E        F      G
               +---------+---------+-------+---------+---------+-------+---------
         Total |       0 |     194 |   0.0 |       0 |      59 |   0.0 |  1864
               +---------+---------+-------+---------+---------+-------+---------
           D:1 |       0 |      42 |   0.0 |       0 |      24 |   0.0 |   900
           D:2 |       0 |     131 |   0.0 |       0 |      24 |   0.0 |   933
           D:3 |       0 |      21 |   0.0 |       0 |      11 |   0.0 |    31
               +---------+---------+-------+---------+---------+-------+---------
